NCAA
UCLA BRUINS @ OREGON DUCKS
02/29/2060
 
TOP OF THE 1ST
UCLA Bruins batting - Pitching for Oregon Ducks : LHP Gabe Johnson
Pitching: LHP Gabe Johnson
Batting: LHB Darren Thomas 0-0: Ball
1-0: Called Strike
1-1: Foul Ball, location: 2F
1-2: Foul Ball, location: 2F
1-2: Ball
2-2: Ground out 4-3 (Groundball, 4, EV 86.9 MPH)
Batting: RHB Irv Anderson 0-0: Ball
1-0: Foul Ball, location: 2F
1-1: DOUBLE (Line Drive, 89D, EV 108.8 MPH)
Batting: RHB Sherron Mendez 0-0: Called Strike
0-1: Ball
1-1: Ball
2-1: Ball
3-1: SINGLE (Line Drive, 7S, EV 88.1 MPH)
Irv Anderson to third
Batting: RHB R.J. Trammell 0-0: Swinging Strike
0-1: Foul Ball, location: 2F
0-2: Ball
1-2: Ball
2-2: Ball
3-2: Strikes out swinging
Batting: RHB Rhys Schneider 0-0: Called Strike
0-1: Ball
1-1: SINGLE (Line Drive, 34D, EV 107.5 MPH)
Irv Anderson scores
Sherron Mendez to second
Batting: LHB Richard Matchen 0-0: Ball
1-0: Foul Ball, location: 2F
1-1: DOUBLE (Groundball, 3L, EV 98.8 MPH)
Sherron Mendez scores
Rhys Schneider to third
Runner from 3rd tries for Home, SAFE, throw by RF to trailing runner, SAFE at third!
Batting: SHB Danny Roth 0-0: Fly out, F9 (Flyball, 89S, EV 80.0 MPH)
Top of the 1st over - 3 runs, 4 hits, 0 errors, 1 left on base; UCLA 3 - Oregon 0
BOTTOM OF THE 1ST
Oregon Ducks batting - Pitching for UCLA Bruins : LHP Brock Hagenah
Pitching: LHP Brock Hagenah
Batting: RHB Kevin Williamson 0-0: Called Strike
0-1: Ball
1-1: Called Strike
1-2: DOUBLE (Flyball, 89D, EV 108.8 MPH)
Batting: RHB Kearney Gallegos 0-0: Called Strike
0-1: Ball
1-1: Foul Ball, location: 2F
1-2: Foul Ball, location: 2F
1-2: Foul Ball, location: 2F
1-2: Ball
2-2: Fly out, F9 (Flyball, 9, EV 85.6 MPH)
Batting: RHB Blake Bateman 0-0: Foul Ball, location: 2F
0-1: Ball
1-1: Foul Ball, location: 2F
1-2: Foul Ball, location: 2F
1-2: Ball
2-2: Foul Ball, location: 2F
2-2: Strikes out swinging
Batting: RHB Harley Fisher 0-0: Swinging Strike
0-1: Called Strike
0-2: Ground out 6-3 (Groundball, 6, EV 101.2 MPH)
Bottom of the 1st over - 0 runs, 1 hit, 0 errors, 1 left on base; UCLA 3 - Oregon 0
TOP OF THE 2ND
UCLA Bruins batting - Pitching for Oregon Ducks : LHP Gabe Johnson
Batting: RHB Ben Creel 0-0: Foul Ball, location: 2F
0-1: Ball
1-1: Ball
2-1: Ball
3-1: SINGLE (Groundball, 6D, EV 101.2 MPH)
Batting: RHB Jadon Nilsen 0-0: Foul Ball, location: 2F
0-1: Called Strike
0-2: Strikes out swinging
Batting: LHB Darren Thomas 0-0: Ball
1-0: Ball
2-0: Ball
3-0: Called Strike
3-1: Base on Balls
Ben Creel to second
Batting: RHB Irv Anderson 0-0: Foul Ball, location: 2F
0-1: Foul Ball, location: 2F
0-2: Ball
1-2: Ball
2-2: Ball
Wild Pitch!
Ben Creel to third
Darren Thomas to second
3-2: Base on Balls
Batting: RHB Sherron Mendez 0-0: Foul Ball, location: 2F
0-1: Grounds into double play, 4-6-3 (Groundball, 4, EV 99.4 MPH)
Top of the 2nd over - 0 runs, 1 hit, 0 errors, 2 left on base; UCLA 3 - Oregon 0
BOTTOM OF THE 2ND
Oregon Ducks batting - Pitching for UCLA Bruins : LHP Brock Hagenah
Batting: RHB Leon Banks 0-0: Ball
1-0: Foul Ball, location: 2F
1-1: Foul Ball, location: 2F
1-2: Ball
2-2: Fly out, F9 (Flyball, 9D, EV 102.5 MPH)
Batting: RHB Dave Richardson 0-0: Ball
1-0: Called Strike
1-1: Foul Ball, location: 2F
1-2: Foul Ball, location: 2F
1-2: Fly out, F7 (Flyball, 78M, EV 83.1 MPH)
Batting: SHB P.J. Morlock 0-0: Foul Ball, location: 2F
0-1: Fly out, F7 (Flyball, 7S, EV 86.9 MPH)
Bottom of the 2nd over - 0 runs, 0 hits, 0 errors, 0 left on base; UCLA 3 - Oregon 0
TOP OF THE 3RD
UCLA Bruins batting - Pitching for Oregon Ducks : LHP Gabe Johnson
Batting: RHB R.J. Trammell 0-0: Ball
1-0: Called Strike
1-1: Fly out, F5 (Popup, 5SF, EV 86.9 MPH)
Batting: RHB Rhys Schneider 0-0: Ball
1-0: Ball
2-0: Foul Ball, location: 2F
2-1: Ball
3-1: Called Strike
3-2: Ground out 5-3 (Groundball, 5L, EV 85.6 MPH)
Batting: LHB Richard Matchen 0-0: Fly out, F8 (Flyball, 8LD, EV 101.9 MPH)
Top of the 3rd over - 0 runs, 0 hits, 0 errors, 0 left on base; UCLA 3 - Oregon 0
BOTTOM OF THE 3RD
Oregon Ducks batting - Pitching for UCLA Bruins : LHP Brock Hagenah
Batting: RHB Devin Boyet 0-0: Ball
1-0: Ball
2-0: Fly out, F7 (Flyball, 78M, EV 94.4 MPH)
Batting: RHB Timmy Jerabek 0-0: Ball
1-0: Ball
2-0: Called Strike
2-1: Ball
3-1: Base on Balls
Batting: RHB Kevin Williamson 0-0: Ball
1-0: SINGLE (Line Drive, 8RS, EV 106.9 MPH)
Timmy Jerabek to second
Batting: RHB Kearney Gallegos 0-0: Called Strike
0-1: Called Strike
0-2: Ball
1-2: Fly out, F8 (Flyball, 89M, EV 83.8 MPH)
Batting: RHB Blake Bateman 0-0: Ball
1-0: 3-RUN HOME RUN (Line Drive, 7LD, EV 100.6 MPH), Distance : 367 ft
Batting: RHB Harley Fisher 0-0: Ball
1-0: Ball
2-0: Ball
3-0: Called Strike
3-1: SINGLE (Line Drive, 34D, EV 102.5 MPH)
Batting: RHB Leon Banks 0-0: Swinging Strike
0-1: Ball
1-1: Foul Ball, location: 2F
1-2: Foul Ball, location: 2F
1-2: Strikes out swinging
Bottom of the 3rd over - 3 runs, 3 hits, 0 errors, 1 left on base; UCLA 3 - Oregon 3
TOP OF THE 4TH
UCLA Bruins batting - Pitching for Oregon Ducks : LHP Gabe Johnson
Batting: SHB Danny Roth 0-0: SOLO HOME RUN (Flyball, 7D, EV 101.2 MPH), Distance : 400 ft
Batting: RHB Ben Creel 0-0: Ball
1-0: SINGLE (Line Drive, 4D, EV 96.2 MPH)
Batting: RHB Jadon Nilsen 0-0: Ball
1-0: Foul Ball, location: 2F
1-1: Foul Ball, location: 2F
1-2: Strikes out looking
Batting: LHB Darren Thomas 0-0: Swinging Strike
0-1: Foul Ball, location: 2F
0-2: Ball
1-2: 2-RUN HOME RUN (Flyball, 78XD, EV 115.6 MPH), Distance : 438 ft
Pitching: LHP Keyon Shao
Batting: RHB Irv Anderson 0-0: Ball
1-0: Ball
2-0: Foul Ball, location: 2F
2-1: Ball
3-1: Called Strike
3-2: Base on Balls
Batting: RHB Sherron Mendez 0-0: Ball
1-0: Called Strike
1-1: Ball
2-1: Ball
3-1: Fly out, F8 (Flyball, 8LM, EV 96.9 MPH)
Batting: RHB R.J. Trammell 0-0: Called Strike
0-1: Ball
1-1: Foul Ball, location: 2F
1-2: Foul Ball, location: 2F
1-2: Ball
Irv Anderson is caught stealing 2nd base 2-4
Top of the 4th over - 3 runs, 3 hits, 0 errors, 0 left on base; UCLA 6 - Oregon 3
BOTTOM OF THE 4TH
Oregon Ducks batting - Pitching for UCLA Bruins : LHP Brock Hagenah
Batting: RHB Dave Richardson 0-0: Ground out 5-3 (Groundball, 56S, EV 88.8 MPH)
Batting: SHB P.J. Morlock 0-0: Foul Ball, location: 2F
0-1: Ball
1-1: Ball
2-1: Called Strike
2-2: Ball
3-2: Base on Balls
Batting: RHB Devin Boyet 0-0: Swinging Strike
0-1: SINGLE (Line Drive, 9S, EV 111.2 MPH)
P.J. Morlock to second
Batting: RHB Timmy Jerabek 0-0: Called Strike
0-1: Called Strike
0-2: Ball
1-2: Ball
2-2: Ball
3-2: Foul Ball, location: 2F
3-2: Base on Balls
P.J. Morlock to third
Devin Boyet to second
Batting: RHB Kevin Williamson 0-0: Ball
1-0: Called Strike
1-1: Reached on error, E8 (Line Drive, 8LM, EV 92.5 MPH)
P.J. Morlock scores
Devin Boyet to third
Timmy Jerabek to second
Batting: RHB Kearney Gallegos 0-0: Fly out, F8 (Flyball, 8RM, EV 90.0 MPH)
Runner from 3rd tags up, SCORES, throw by CF
Timmy Jerabek to third
Batting: RHB Blake Bateman 0-0: Fielders Choice at 2nd, U6 (Groundball, 6M, EV 86.2 MPH)
Bottom of the 4th over - 2 runs, 1 hit, 1 error, 2 left on base; UCLA 6 - Oregon 5
TOP OF THE 5TH
UCLA Bruins batting - Pitching for Oregon Ducks : LHP Keyon Shao
Batting: RHB R.J. Trammell 0-0: Called Strike
0-1: Ball
1-1: Ball
2-1: Ball
3-1: Base on Balls
Batting: RHB Rhys Schneider 0-0: Ball
1-0: Grounds into double play, 6-4-3 (Groundball, 6, EV 102.5 MPH)
Batting: LHB Richard Matchen 0-0: Ball
1-0: Called Strike
1-1: Ball
2-1: Swinging Strike
2-2: Ball
3-2: Base on Balls
Batting: SHB Danny Roth 0-0: 2-RUN HOME RUN (Flyball, 7D, EV 103.8 MPH), Distance : 397 ft
Batting: RHB Ben Creel 0-0: Ball
1-0: Ball
2-0: Ball
3-0: Called Strike
3-1: Base on Balls
Batting: RHB Jadon Nilsen 0-0: Foul Ball, location: 2F
0-1: SINGLE (Line Drive, 56, EV 107.5 MPH)
Ben Creel to second
Batting: LHB Darren Thomas 0-0: Ball
1-0: Called Strike
1-1: Swinging Strike
1-2: Ball
2-2: Foul Ball, location: 2F
2-2: Foul Ball, location: 2F
2-2: Ball
3-2: Foul Ball, location: 2F
3-2: Foul Ball, location: 2F
3-2: Foul Ball, location: 2F
3-2: Base on Balls
Ben Creel to third
Jadon Nilsen to second
Batting: RHB Irv Anderson 0-0: Foul Ball, location: 2F
0-1: Ball
1-1: Foul Ball, location: 2F
1-2: Fielders Choice at 2nd, 5-4 (Groundball, 56, EV 106.9 MPH)
Top of the 5th over - 2 runs, 2 hits, 0 errors, 3 left on base; UCLA 8 - Oregon 5
BOTTOM OF THE 5TH
Oregon Ducks batting - Pitching for UCLA Bruins : LHP Brock Hagenah
Batting: RHB Harley Fisher 0-0: Ball
1-0: SINGLE (Line Drive, 4D, EV 100.6 MPH)
Batting: RHB Leon Banks 0-0: Ball
1-0: Foul Ball, location: 2F
1-1: Called Strike
1-2: Foul Ball, location: 2F
1-2: Fielders Choice at 2nd, 3-6 (Groundball, 3, EV 92.5 MPH)
Pitching: RHP James Peterson
Batting: RHB Dave Richardson 0-0: Ball
1-0: Foul Ball, location: 2F
1-1: Grounds into double play, 6-4-3 (Groundball, 6, EV 102.5 MPH)
Bottom of the 5th over - 0 runs, 1 hit, 0 errors, 0 left on base; UCLA 8 - Oregon 5
TOP OF THE 6TH
UCLA Bruins batting - Pitching for Oregon Ducks : LHP Keyon Shao
Batting: RHB Sherron Mendez 0-0: SOLO HOME RUN (Flyball, 89XD, EV 108.8 MPH), Distance : 431 ft
Pitching: RHP C.J. Thompson
Batting: RHB R.J. Trammell 0-0: Called Strike
0-1: Foul Ball, location: 2F
0-2: Ball
1-2: Ball
2-2: Fly out, F9 (Flyball, 9D, EV 96.2 MPH)
Batting: RHB Rhys Schneider 0-0: Foul Ball, location: 2F
0-1: Ball
1-1: Foul Ball, location: 2F
1-2: Strikes out swinging
Batting: LHB Richard Matchen 0-0: Ball
1-0: Foul Ball, location: 2F
1-1: Foul Ball, location: 2F
1-2: Ball
2-2: Foul Ball, location: 2F
2-2: Foul Ball, location: 2F
2-2: Strikes out looking
Top of the 6th over - 1 run, 1 hit, 0 errors, 0 left on base; UCLA 9 - Oregon 5
BOTTOM OF THE 6TH
Oregon Ducks batting - Pitching for UCLA Bruins : RHP James Peterson
Batting: SHB P.J. Morlock 0-0: Called Strike
0-1: Called Strike
0-2: Ball
1-2: Hit by Pitch
Batting: RHB Devin Boyet 0-0: Called Strike
0-1: Fly out, F7 (Flyball, 7LSF, EV 91.2 MPH)
Batting: RHB Timmy Jerabek 0-0: Ball
Wild Pitch!
P.J. Morlock to second
1-0: Fly out, F6 (Line Drive, 6, EV 68.8 MPH)
Batting: RHB Kevin Williamson 0-0: Fly out, F7 (Flyball, 7LS, EV 79.4 MPH)
Bottom of the 6th over - 0 runs, 0 hits, 0 errors, 1 left on base; UCLA 9 - Oregon 5
TOP OF THE 7TH
UCLA Bruins batting - Pitching for Oregon Ducks : RHP C.J. Thompson
Batting: SHB Danny Roth 0-0: Ball
1-0: Ball
2-0: Foul Ball, location: 2F
2-1: Foul Ball, location: 2F
2-2: SINGLE (Groundball, 56D, EV 96.9 MPH)
Batting: RHB Ben Creel 0-0: Bunted foul
0-1: Bunted foul
0-2: Ball
1-2: Strikes out swinging
Batting: RHB Jadon Nilsen 0-0: Called Strike
0-1: Foul Ball, location: 2F
0-2: Strikes out swinging
Batting: LHB Darren Thomas 0-0: Foul Ball, location: 2F
0-1: Ball
1-1: Foul Ball, location: 2F
1-2: Ball
2-2: Strikes out swinging
Top of the 7th over - 0 runs, 1 hit, 0 errors, 1 left on base; UCLA 9 - Oregon 5
BOTTOM OF THE 7TH
Oregon Ducks batting - Pitching for UCLA Bruins : RHP James Peterson
Batting: RHB Kearney Gallegos 0-0: Called Strike
0-1: Called Strike
0-2: SOLO HOME RUN (Flyball, 9D, EV 99.4 MPH) (Inside the Park)
Batting: RHB Blake Bateman 0-0: Called Strike
0-1: Swinging Strike
0-2: Strikes out swinging, 2-3 out at first.
Batting: RHB Harley Fisher 0-0: Ball
1-0: Foul Ball, location: 2F
1-1: Foul Ball, location: 2F
1-2: Ball
2-2: Strikes out swinging, 2-3 out at first.
Pinch Hitting: RHB Kenzie Taylor 0-0: Ball
1-0: Ground out U3 (Groundball, 3, EV 84.4 MPH)
Bottom of the 7th over - 1 run, 1 hit, 0 errors, 0 left on base; UCLA 9 - Oregon 6
TOP OF THE 8TH
UCLA Bruins batting - Pitching for Oregon Ducks : RHP C.J. Thompson
Now at 1B: Kenzie Taylor
Batting: RHB Irv Anderson 0-0: Ball
1-0: Foul Ball, location: 2F
1-1: DOUBLE (Line Drive, 8LXD, EV 99.4 MPH)
Pitching: RHP Joey Jerdon
Batting: RHB Sherron Mendez 0-0: Ball
1-0: Fly out, F8 (Flyball, 8RD, EV 84.4 MPH)
Runner from 2nd tags up, SAFE at 3rd with throw by CF
Batting: RHB R.J. Trammell 0-0: Intentional Walk
Batting: RHB Rhys Schneider 0-0: Foul Ball, location: 2F
0-1: Foul Ball, location: 2F
0-2: Ball
1-2: Ball
2-2: Ball
3-2: Fly out, F7 (Flyball, 7D, EV 95.0 MPH)
Runner from 3rd tags up, SCORES, no throw by LF
Batting: LHB Richard Matchen 0-0: Ball
1-0: Called Strike
1-1: Ball
2-1: Ball
3-1: Called Strike
3-2: Reached on error, E1 (Groundball, 13, EV 74.4 MPH)
R.J. Trammell to second
Batting: SHB Danny Roth 0-0: SINGLE (Flyball, 7LS, EV 96.2 MPH)
R.J. Trammell to third
Richard Matchen to second
Batting: RHB Ben Creel 0-0: Foul Ball, location: 2F
0-1: Ball
1-1: Ball
2-1: Foul Ball, location: 2F
2-2: Foul Ball, location: 2F
2-2: Foul Ball, location: 2F
2-2: Foul Ball, location: 2F
2-2: Foul Ball, location: 2F
2-2: Ball
3-2: Ground out 5-3 (Groundball, 56, EV 105.0 MPH)
Top of the 8th over - 1 run, 2 hits, 1 error, 3 left on base; UCLA 10 - Oregon 6
BOTTOM OF THE 8TH
Oregon Ducks batting - Pitching for UCLA Bruins : RHP James Peterson
Batting: RHB Dave Richardson 0-0: Swinging Strike
0-1: Foul Ball, location: 2F
0-2: Strikes out swinging
Batting: SHB P.J. Morlock 0-0: Ball
1-0: SINGLE (Groundball, 5D, EV 95.6 MPH)
Batting: RHB Devin Boyet 0-0: Foul Ball, location: 2F
0-1: Ball
1-1: Fly out, F5 (Line Drive, 5L, EV 75.0 MPH)
Batting: RHB Timmy Jerabek 0-0: Fly out, F7 (Flyball, 78D, EV 88.1 MPH)
Bottom of the 8th over - 0 runs, 1 hit, 0 errors, 1 left on base; UCLA 10 - Oregon 6
TOP OF THE 9TH
UCLA Bruins batting - Pitching for Oregon Ducks : RHP Joey Jerdon
Pitching: LHP Julian Leone
Batting: RHB Jadon Nilsen 0-0: Called Strike
0-1: Called Strike
0-2: Fly out, F8 (Line Drive, 8LD, EV 86.9 MPH)
Batting: LHB Darren Thomas 0-0: Ball
1-0: Called Strike
1-1: Ball
2-1: Fly out, F8 (Flyball, 89M, EV 91.2 MPH)
Batting: RHB Irv Anderson 0-0: Called Strike
0-1: Swinging Strike
0-2: Ball
1-2: Ball
2-2: Foul Ball, location: 2F
2-2: Ball
3-2: Base on Balls
Batting: RHB Sherron Mendez 0-0: Called Strike
Irv Anderson steals 2nd base
0-1: Swinging Strike
0-2: Ball
1-2: Ball
2-2: Ground out 5-3 (Groundball, 5, EV 86.2 MPH)
Top of the 9th over - 0 runs, 0 hits, 0 errors, 1 left on base; UCLA 10 - Oregon 6
BOTTOM OF THE 9TH
Oregon Ducks batting - Pitching for UCLA Bruins : RHP James Peterson
Batting: RHB Kevin Williamson 0-0: Swinging Strike
0-1: Foul Ball, location: 2F
0-2: Foul Ball, location: 2F
0-2: Fly out, F8 (Flyball, 89M, EV 90.0 MPH)
Batting: RHB Kearney Gallegos 0-0: Called Strike
0-1: Called Strike
0-2: DOUBLE (Line Drive, 8LXD, EV 107.5 MPH)
Batting: RHB Blake Bateman 0-0: Hit by Pitch
Pitching: RHP T.J. Cartledge
Batting: RHB Harley Fisher 0-0: Ball
1-0: Foul Ball, location: 2F
1-1: Foul Ball, location: 2F
1-2: Strikes out looking
Batting: RHB Kenzie Taylor 0-0: Foul Ball, location: 2F
0-1: Ball
1-1: DOUBLE (Groundball, 5L, EV 100.6 MPH)
Kearney Gallegos scores
Blake Bateman to third
Pinch Hitting: LHB Blake Huber 0-0: Foul Ball, location: 2F
0-1: Ball
1-1: Ball
2-1: Ball
3-1: Base on Balls
Batting: SHB P.J. Morlock 0-0: Ball
1-0: Called Strike
1-1: Called Strike
1-2: Strikes out swinging
Bottom of the 9th over - 1 run, 2 hits, 0 errors, 3 left on base; UCLA 10 - Oregon 7
Tuesday, April 16th , 2024 - OOTP Baseball 23.10 Build 110